 Dungeon Crawl Stone Soup version 0.22.0-13-g43fe8f2 (webtiles) character file.

141 Lavandula the Chopper (level 5, -3/45 HPs)
             Began as a Centaur Berserker on Aug 16, 2018.
             Was a Believer of Trog.
             Slain by a slave (8 damage)
             ... led by Pikel
             ... on level 4 of the Dungeon.
             The game lasted 00:02:56 (573 turns).

Lavandula the Chopper (Centaur Berserker)            Turns: 573, Time: 00:02:57

Health: -3/45      AC:  5    Str: 21    XL:     5   Next: 3%
Magic:  5/5        EV:  9    Int:  6    God:    Trog [**....]
Gold:   27         SH:  0    Dex:  8    Spells: 4/4 levels left

rFire    . . .     SeeInvis .   a - +0 hand axe
rCold    . . .     Gourm    .   (no shield)
rNeg     . . .     Faith    .   l - +0 ring mail
rPois    .         Spirit   .   (no helmet)
rElec    .         Reflect  .   (no cloak)
rCorr    .         Harm     .   (no gloves)
MR       .....                  (no barding)
Stlth    ..........             (no amulet)
HPRegen  0.15/turn              (no ring)
MPRegen  0.09/turn              (no ring)

@: berserk cooldown, slowed
A: large, hooves 3, deformed body, speed 2, tough skin 3
a: Berserk, Trog's Hand, Renounce Religion


You were on level 4 of the Dungeon.
You worshipped Trog.
Trog was pleased with you.
You were very hungry.

You visited 1 branch of the dungeon, and saw 4 of its levels.

You collected 27 gold pieces.

Inventory:

Hand Weapons
 a - a +0 hand axe (weapon)
 g - a +0 blowgun
Missiles
 h - 9 poisoned needles
Armour
 b - a +0 animal skin
 l - a +0 ring mail (worn)
Scrolls
 i - a scroll of enchant armour {unknown}
 j - a scroll of remove curse {unknown}
 k - a scroll of noise {unknown}
 m - a scroll of enchant weapon {unknown}
 n - a scroll of blinking {unknown}
 o - a scroll of immolation {unknown}
 p - a scroll of teleportation {unknown}
Potions
 d - a potion of curing {unknown}
 e - a potion of agility {unknown}
 f - a potion of flight {unknown}
Comestibles
 c - 2 rations


   Skills:
 - Level 3.0 Fighting
 + Level 5.2 Axes
 - Level 1.3 Armour
 - Level 1.3 Dodging


You had 4 spell levels left.
You didn't know any spells.
Your spell library was empty.

Dungeon Overview and Level Annotations

Branches:
Dungeon (4/15)
 Temple: D:4-7

Altars:
Cheibriados
Yredelemnul

Annotations:
D:4 Eustachio


Innate Abilities, Weirdness & Mutations

You have hooves in place of feet.
Armour fits poorly on your strangely shaped body.
You cover ground very quickly.
You have extremely tough skin. (AC +3)


Message History

You hit the slave. You kick the slave.
The slave is almost dead.
The slave shouts!
You slash the slave!
You kill the slave!
That felt strangely unrewarding.
Items here: ) [ †† an animal skin; a giant club; a human corpse; an ogre corpse You feel a strong urge to attack something.
You feel your anger nearly subside.
You are no longer berserk.
You pass out from exhaustion.
You feel yourself slow down. The slave hits you.
* * * LOW HITPOINT WARNING * * *
The slave hits you but does no damage.
You can move again.
You see here a poisoned needle.
Items here: ) [ †† an animal skin; a giant club; a human corpse; an ogre corpse The slave hits you!
You die...

#.# #.# #(# #(# #p#
#O# #.# .
#.#############....
#.((..[...p@.......
##############....≈
... .


You could see a slave.

Vanquished Creatures
  A slave (D:4)
  An ogre (D:4)
  A hound skeleton (D:4)
  An adder (D:2)
  An ooze (D:3)
  2 worms (D:2)
  2 leopard geckos
  A giant cockroach (D:3)
  A goblin (D:2)
  2 hobgoblins
  4 jackals (D:2)
  3 bats
  5 kobolds
  2 rats
27 creatures vanquished.

Notes
Turn   | Place    | Note
-------+----------+-------------------------------------------
     0 | D:1      | Lavandula the Centaur Berserker began the quest for the Orb.
     0 | D:1      | Reached XP level 1. HP: 19/19 MP: 1/1
    92 | D:2      | Found a basalt altar of Yredelemnul.
   174 | D:2      | Reached skill level 3 in Axes
   177 | D:2      | Reached XP level 2. HP: 26/26 MP: 2/2
   252 | D:2      | Found a snail-covered altar of Cheibriados.
   262 | D:2      | Reached XP level 3. HP: 9/31 MP: 3/3
   325 | D:3      | Reached skill level 4 in Axes
   471 | D:4      | Noticed Eustachio
   480 | D:4      | Noticed an ogre
   482 | D:4      | Noticed a slave
   485 | D:4      | Noticed a slave
   556 | D:4      | Reached ** piety under Trog
   557 | D:4      | Killed an ogre
   557 | D:4      | Reached skill level 5 in Axes
   557 | D:4      | Reached XP level 4. HP: 11/38 MP: 4/4
   557 | D:4      | Reached XP level 5. HP: 13/45 MP: 5/5
   560 | D:4      | Killed a slave
   573 | D:4      | Slain by a slave

Skill      XL: |  1  2  3 |
---------------+----------+-----
Axes           | 3 5 |  5.2
Fighting       | |  3.0
Armour         | |  1.3
Dodging        | |  1.3

Action                   |  1- 3 |  4- 6 || total
-------------------------+-------+-------++-------
Melee: Hand axe          |    63 |     3 ||    66
       Kick              |     5 |     1 ||     6
 Fire: Blowgun           |     5 |       ||     5
Invok: Berserk           |     3 |       ||     3
Armor: Animal skin       |    30 |       ||    30
       Ring mail         |     1 |     1 ||     2
Dodge: Dodged            |    35 |       ||    35
